 Dungeon Sprint DCSS version 0.30-a0-743-gbfdf073431 (webtiles) character file.

Game seed: 16917914066906601004

600000 BigDaddyOpFi the Acrobat (level 14, -23/80 HPs)
             Began as a Djinni Earth Elementalist on Feb 7, 2023.
             Annihilated by a bag of meat
             ... wielding a +9 war axe
              (41 damage)
             ... in the Dungeon (Sprint VIII: "Arena of Blood").
             The game lasted 00:00:34 (6 turns).

BigDaddyOpFi the Acrobat (Djinni Earth Elementalist)   Turns: 6, Time: 00:00:34

Health: -23/80     AC:  2    Str:  7    XL:     14   Next: 47%
Gold:   0          EV: 25    Int: 21    God:
                   SH:  0    Dex: 15

rFire   + + .      SeeInvis .    h - +∞ Axe of Woe
rCold   x . .      Faith    .    (shield currently unavailable)
rNeg    . . .      Spirit   .    a - +0 robe
rPois   ∞          Reflect  .    (no helmet)
rElec   .          Harm     .    (no cloak)
rCorr   .          Rampage  .    (no gloves)
Will    +....      NoTele   +    (boots unavailable)
Stlth   +++++++                  (no amulet)
HPRegen 0.33/turn                (no ring)
MPRegen 0.00/turn                (no ring)

@: flying
A: sickness immunity, fire resistance 2, cold vulnerability 1, float, innate
caster, HP casting, extra vitality 1
a: no special abilities


You were in the Dungeon.
You visited 1 branch

Inventory:

Hand Weapons
 h - the +∞ Axe of Woe (weapon)
   (You found it in the Dungeon)
Armour
 a - a +0 robe (worn)
Scrolls
 g - a scroll of blinking
Potions
 b - 3 potions of magic
 c - a potion of curing
 d - a potion of heal wounds
 e - a potion of haste
 f - a potion of berserk rage


   Skills:
 + Level 23.6 Dodging
 + Level 20.3 Stealth
 + Level 17.4 Spellcasting


You had 18 spell levels left.
You knew the following spells:

 Your Spells              Type           Power      Damage    Failure   Level
a - Sandblast             Erth           100%       2d20      0%          1
b - Passwall              Tmut/Erth      62%        N/A       0%          2
c - Stone Arrow           Conj/Erth      100%       3d13      0%          3
d - Petrify               Tmut/Erth      75%        N/A       1%          4
e - Foxfire               Conj/Fire      100%       2x1d9     0%          1
f - Blink                 Tloc           100%       N/A       0%          2
g - Kindle Blastsparks    Fire/Tloc/Air  100%       2d18      0%          3
h - Vhi's Electric Charg  Tloc/Air       100%       N/A       0%          3
i - Borgnjor's Vile Clut  Necr/Erth      37%        N/A       1%          5
j - Lee's Rapid Deconstr  Erth           37%        3d19*     1%          5
Your spell library was empty.

Dungeon Overview and Level Annotations

Branches:
Dungeon (1/1)

Altars:
Makhleb


Innate Abilities, Weirdness & Mutations

You are immune to sickness and miasma.
You are immune to poison.
Your flesh is very heat resistant. (rF++)
You are vulnerable to cold. (rC-)
You float through the air rather than walking.
You learn spells naturally, not from books.
Your magical power is your life essence.
You have superior vitality. (+4 MHP)


Message History

Charge where?
Press: ? - help, Dir - move target, f - bag of meat
Aim: a bag of meat, wielding a +9 war axe and wearing a +30 ring of slaying (wandering, hasn't noticed you, 100% to hit)
You charge forward with an electric crackle!
A bag of meat comes into view. It is wielding a +9 war axe.
The bag of meat shouts! x4
You slice the bag of meat and electrocute it!!
You hew the bag of meat savagely.
You kill the bag of meat!
* * * LOW HITPOINT WARNING * * *
You hear a shout! x7
A bag of meat comes into view. It is wielding a +9 war axe. x2
You hear a shout! x4
Your Dodging skill increases to level 23!
Your Stealth skill increases to level 20!
Your Spellcasting skill increases to level 17!
Unknown command.
Unknown command.
Casting: Vhi's Electric Charge (safe; 0% risk of failure)
Confirm with . or Enter, or press ? or * to list all spells.
Charge where?
Press: ? - help, Dir - move target, f - bag of meat
Aim: a bag of meat, wielding a +9 war axe and wearing a +30 ring of slaying (100% to hit)
You charge forward with an electric crackle! 5 bags of meat and a meat berserker come into view.
The bag of meat shouts! x5; The meat berserker shouts!
You slash the bag of meat and electrocute it!
You cleave the bag of meat in twain.
You kill the bag of meat!
* * * LOW HITPOINT WARNING * * *
The bag of meat appears out of thin air!
A bag of meat comes into view. It is wielding a +9 war axe.
You hear two shouts!
You hear a shout! x11
A bag of meat comes into view. It is wielding a +9 war axe. x4
You hear a shout!
A bag of meat comes into view. It is wielding a +9 war axe. x2
You hear a shout!
The bag of meat hits you with a +9 war axe!!!
Ouch! That really hurt!
You die...

..........o.o.o
..o.....#.#..o.
o...o..o..o....
...........o...
....O.........o
o..........o...
.......)...o...
#...@o..#
#..○o...#
...###.)☼....###.
.......○###..o..o
#o..o...°_.......
......#.°...#....
......#_.°._#....
..... #.)))o# ...
#........_.....


You could see a meat berserker (berserk) and 18 bags of meat.

Vanquished Creatures
  2 ogres (D)
  3 orcs (D)
5 creatures vanquished.

Notes
Turn   | Place    | Note
-------+----------+-------------------------------------------
     0 | D        | Found the +∞ Axe of Woe
     0 | D        | BigDaddyOpFi the Djinni Earth Elementalist began the quest
                  | for the Orb.
     0 | D        | BigDaddyOpFi set off with the following spells memorised:
                  | Sandblast, Passwall, Stone Arrow, Petrify.
     0 | D        | Reached XP level 1. HP: 15/15 MP: 0/0
     0 | D        | Noticed a meat berserker
     1 | D        | Noticed a bag of meat
     2 | D        | Killed a bag of meat
     2 | D        | Noticed a meat berserker
     2 | D        | Noticed a bag of meat
     2 | D        | Noticed a bag of meat
     2 | D        | Noticed a bag of meat
     3 | D        | Reached skill level 16 in Dodging
     3 | D        | Reached XP level 2. HP: 21/21 MP: 0/0
     3 | D        | Reached XP level 3. HP: 25/25 MP: 0/0
     3 | D        | Learned a level 1 spell: Foxfire
     3 | D        | Reached XP level 4. HP: 31/31 MP: 0/0
     3 | D        | Reached XP level 5. HP: 35/35 MP: 0/0
     3 | D        | Learned a level 2 spell: Blink
     3 | D        | Reached XP level 6. HP: 40/40 MP: 0/0
     3 | D        | Reached XP level 7. HP: 45/45 MP: 0/0
     3 | D        | Learned a level 3 spell: Kindle Blastsparks
     3 | D        | Reached XP level 8. HP: 50/50 MP: 0/0
     3 | D        | Reached XP level 9. HP: 55/55 MP: 0/0
     3 | D        | Learned a level 3 spell: Vhi's Electric Charge
     3 | D        | Reached XP level 10. HP: 60/60 MP: 0/0
     3 | D        | Reached XP level 11. HP: 65/65 MP: 0/0
     3 | D        | Learned a level 5 spell: Borgnjor's Vile Clutch
     3 | D        | Killed a meat berserker
     3 | D        | Noticed a bag of meat
     4 | D        | Reached skill level 20 in Dodging
     4 | D        | Reached skill level 15 in Spellcasting
     4 | D        | Reached XP level 12. HP: 20/70 MP: 0/0
     4 | D        | Reached XP level 13. HP: 21/75 MP: 0/0
     4 | D        | Learned a level 5 spell: Lee's Rapid Deconstruction
     4 | D        | Killed a meat berserker
     4 | D        | Noticed a bag of meat
     4 | D        | Noticed a bag of meat
     4 | D        | Noticed a bag of meat
     5 | D        | Reached skill level 22 in Dodging
     5 | D        | Reached XP level 14. HP: 23/80 MP: 0/0
     5 | D        | Noticed a bag of meat
     5 | D        | Noticed a bag of meat
     5 | D        | Killed a bag of meat
     5 | D        | Noticed a bag of meat
     5 | D        | Noticed a bag of meat
     6 | D        | Reached skill level 23 in Dodging
     6 | D        | Noticed a bag of meat
     6 | D        | Noticed a bag of meat
     6 | D        | Noticed a bag of meat
     6 | D        | Noticed a bag of meat
     6 | D        | Noticed a bag of meat
     6 | D        | Noticed a meat berserker
     6 | D        | Killed a bag of meat
     6 | D        | Noticed a bag of meat
     6 | D        | Noticed a bag of meat
     6 | D        | Noticed a bag of meat
     6 | D        | Noticed a bag of meat
     6 | D        | Noticed a bag of meat
     6 | D        | Noticed a bag of meat
     6 | D        | Annihilated by a bag of meat

Illustrated notes

Levels and vault maps discovered:
D:        meatsprint

Skill      XL: |  1  2  3  4  5  6  7  8  9 10 11 12 13 14 |
---------------+-------------------------------------------+-----
Dodging        | 16 20 22 23 | 23.6
Stealth        | 14 17 19 20 | 20.3
Spellcasting   | 12 15 16 17 | 17.4

Action                     |  1- 3 |  4- 6 |  7- 9 | 10-12 | 13-15 || total
---------------------------+-------+-------+-------+-------+-------++-------
  Melee: Executioner's axe |     1 |       |       |     1 |     3 ||     5
   Cast: Vhi's Electric Ch |       |       |       |       |     2 ||     2

Table legend: (Time is in decaauts)
 A = Elapsed time spent in this place.
 B = Non-inter-level travel time spent in this place.
 C = Inter-level travel time spent in this place.
 D = Time resting spent in this place.
 E = Time spent auto-exploring this place.
 F = Levels seen in this place.
 G = Mean time per level.
                   A        B        C        D        E       F      G
               +--------+--------+--------+--------+--------+-----+--------+
         Total |      9 |      9 |      0 |      0 |      0 |   1 |    9.0 |
       Dungeon |      9 |      9 |      0 |      0 |      0 |   1 |    9.0 |
               +--------+--------+--------+--------+--------+-----+--------+

Top non-repeatable levels by time:
       D: 9 daAuts
